 Dungeon Crawl Stone Soup version 0.27.1-4-g1640c2035a (webtiles) character file.

Game seed: 4956184853743844744

7 Stomo444 the Cudgeller (level 2, 0/16 HPs)
             Began as a Vine Stalker Monk on Nov 10, 2021.
             Slain by a rat (1 damage)
             ... on level 1 of the Dungeon.
             The game lasted 00:00:24 (223 turns).

Stomo444 the Cudgeller (Vine Stalker Monk)           Turns: 223, Time: 00:00:25

Health: 0/16       AC:  2    Str: 12 (13) XL:     2   Next: 0%
Magic:  0/3        EV: 12    Int:  9 (10) God:
Gold:   6          SH:  0    Dex: 15 (16) Spells: 1/1 levels left

rFire    . . .     SeeInvis .   a - +0 mace
rCold    . . .     Faith    .   (no shield)
rNeg     . . .     Spirit   +   b - +0 robe
rPois    .         Reflect  .   (no helmet)
rElec    .         Harm     .   (no cloak)
rCorr    .         Rampage  .   (no gloves)
Will     .....                  (no boots)
Stlth    ++........             (no amulet)
HPRegen  0.05/turn              (no ring)
MPRegen  0.08/turn              (no ring)

@: no status effects
A: fangs 2, magic shield, antimagic bite, no potion heal 2
a: no special abilities


You were on level 1 of the Dungeon.
You visited 1 branch of the dungeon, and saw 1 of its levels.

You collected 6 gold pieces.

Inventory:

Hand Weapons
 a - a +0 mace (weapon)
Armour
 b - a +0 robe (worn)


   Skills:
 + Level 2.8 Fighting
 + Level 2.8 Maces & Flails
 + Level 2.5 Dodging
 - Level 2.4 Stealth


You had one spell level left.
You didn't know any spells.
Your spell library was empty.

Dungeon Overview and Level Annotations

Branches:
Dungeon (1/15)

Altars:

Shops:
D:1 *


Innate Abilities, Weirdness & Mutations

You have extremely sharp teeth.
When hurt, damage is shared between your health and your magic reserves.
Your bite disrupts and absorbs the magic of your enemies.
Potions cannot restore your health.


Message History

You are frozen.
The giant cockroach closely misses you.
You hit the giant cockroach but do no damage.
You bite the giant cockroach, but do no damage.
The giant cockroach barely misses you.
You hit the giant cockroach.
You bite the giant cockroach, but do no damage.
The giant cockroach is moderately wounded.
The giant cockroach barely misses you. The giant cockroach bites you.
You hit the giant cockroach.
You kill the giant cockroach!
The ball python bites you.
* * * LOW HITPOINT WARNING * * *
The ball python grabs you. The ball python constricts you.
Unknown command.
You barely miss the ball python. The ball python closely misses you.
The ball python constricts you.
Unknown command.
You hit the ball python.
You kill the ball python!
You have reached level 2!
You hit the rat but do no damage. Your bite misses the rat. The rat bites you.
* * * LOW HITPOINT WARNING * * *
Unknown command.
You barely miss the rat. You bite the rat, but do no damage.
The rat closely misses you. The rat bites you.
* * * LOW HITPOINT WARNING * * *
Unknown command.
It was a potion of degeneration.
There was something very wrong with that liquid.
You feel weakened.
You feel dopey.
You feel clumsy. The rat barely misses you.
Unknown command.
It was a potion of curing.
That felt strangely inert.
The rat bites you.
* * * LOW HITPOINT WARNING * * *
Unknown command.
You hit the rat but do no damage. The rat misses you.
Unknown command.
You barely miss the rat. Your bite misses the rat. The rat bites you.
You die...

............†......... ..
.....................##...
..............#........>..
#........................
#...........####.S...#
#....>....## #J..S.#
#.......## #.####...r.
####..########.####.#...
###.....@rJ.........# g
#..†..######..#######
#####.###....## #.##..####
#..#.## ##...# #####


You could see an endoplasm and a rat.

Vanquished Creatures
  A ball python (D:1)
  A giant cockroach (D:1)
  A hobgoblin (D:1)
  A quokka (D:1)
  A bat (D:1)
  A rat (D:1)
6 creatures vanquished.

Notes
Turn   | Place    | Note
-------+----------+-------------------------------------------
     0 | D:1      | Stomo444 the Vine Stalker Monk began the quest for the Orb.
     0 | D:1      | Reached XP level 1. HP: 11/11 MP: 2/2
    16 | D:1      | Found Isuy's General Store.
   217 | D:1      | Reached XP level 2. HP: 3/16 MP: 1/3
   223 | D:1      | Slain by a rat

Illustrated notes

Levels and vault maps discovered:
D:1:      dpeg_arrival_leaves_temple_mockup, layout_rooms, serial_shops, shop,
          ebering_ecumenical_altar_sacrificial

Action                   || total
-------------------------++-------
Melee: Mace              ||    18
       Bite              ||     6
  Use: Potion            ||     2
 Stab: Sleeping          ||     1
Armor: Robe              ||     3
Dodge: Dodged            ||     9
